 Dungeon Crawl Stone Soup version 0.30-a0-719-gcc4359ea44 (webtiles) character file.

Game seed: 5208511747027233725

17193 IdlyInterested the Slicer (level 12, -8/86 HPs)
             Began as a Demonspawn Gladiator on Jan 26, 2023.
             Mangled by a white ugly thing (20 damage)
             ... on level 12 of the Dungeon.
             The game lasted 00:54:13 (12907 turns).

IdlyInterested the Slicer (Demonspawn Gladiator)   Turns: 12907, Time: 00:54:14

Health: -8/86      AC: 16    Str: 15    XL:     12   Next: 16%
Magic:  12/12      EV: 19    Int: 13    God:
Gold:   377        SH:  0    Dex: 19    Spells: 11/11 levels left

rFire   . . .      SeeInvis +    a - +4 rapier (flame)
rCold   . . .      Faith    .    (no shield)
rNeg    . . .      Spirit   .    v - +0 acid dragon scales
rPois   .          Reflect  .    i - +0 helmet {Int+3}
rElec   .          Harm     .    N - +2 cloak {Will+}
rCorr   +          Rampage  .    (no gloves)
Will    +....                    g - +0 pair of boots
Stlth   +++                      H - amulet of regeneration
HPRegen 1.14/turn                L - +4 ring of protection
MPRegen 0.13/turn                n - ring of see invisible

@: repel missiles
A: repulsion field 3, foul stench 2, demonic touch 2
a: no special abilities


You were on level 12 of the Dungeon.
You visited 2 branches of the dungeon, and saw 13 of its levels.
You also visited: Sewer and Ossuary.

You collected 1055 gold pieces.
You spent 678 gold pieces at shops.

Inventory:

Hand Weapons
 a - a +4 rapier of flaming (weapon)
 f - a +2 short sword of speed
 X - a +5 short sword of freezing
Missiles
 b - 39 poisoned darts (quivered)
 d - 3 throwing nets
 e - 7 javelins
 k - 103 stones
 r - 4 curare-tipped darts
 A - 7 boomerangs
 E - 3 atropa-tipped darts
Armour
 g - a +0 pair of boots (worn)
 h - a +2 leather armour of fire resistance
 i - a +0 helmet of intelligence (worn)
 v - +0 acid dragon scales (worn)
 N - a +2 cloak of willpower (worn)
Jewellery
 c - a ring of ice
 n - a ring of see invisible (right hand)
 p - a ring of positive energy
 H - an amulet of regeneration (around neck)
 L - a +4 ring of protection (left hand)
Wands
 D - a wand of acid (13)
 K - a wand of mindburst (27)
 P - a wand of flame (23)
Scrolls
 j - a scroll of enchant armour
 o - 2 scrolls of magic mapping
 q - 3 scrolls of blinking
 u - 7 scrolls of teleportation
 y - 4 scrolls of fear
 R - 7 scrolls of identify
 Y - a scroll of fog
Potions
 s - 14 potions of curing
 t - a potion of berserk rage
 x - 4 potions of might
 B - a potion of invisibility
 C - 3 potions of haste
 G - 4 potions of mutation
 I - 3 potions of ambrosia
 J - 2 potions of cancellation
 M - a potion of flight
 O - 5 potions of heal wounds
 Q - 2 potions of resistance


   Skills:
 - Level 5.0 Fighting
 - Level 14.0 Short Blades
 - Level 6.0 Throwing
 - Level 3.0 Armour
 - Level 6.0 Dodging
 * Level 6.4 Stealth
 - Level 4.0 Unarmed Combat
 - Level 3.0 Evocations


You had 11 spell levels left.
You didn't know any spells.
Your spell library contained the following spells:

 Spells                   Type           Power      Damage    Failure   Level
 Beastly Appendage        Tmut           0%         N/A       38%         1
 Sandblast                Erth           0%         2d4       38%         1
 Passwall                 Tmut/Erth      0%         N/A       54%         2
 Wereblood                Tmut           0%         N/A       54%         2
 Dazzling Flash           Conj/Hex       0%         N/A       77%         3
 Gell's Gravitas          Tloc           0%         N/A       77%         3
 Spider Form              Tmut/Pois      0%         N/A       77%         3
 Stone Arrow              Conj/Erth      0%         3d7       77%         3
 Teleport Other           Tloc           0%         N/A       77%         3
 Iskenderun's Mystic Bla  Conj/Tloc      0%         2d3       99%         4
 Dispersal                Tloc           0%         N/A       100%        6
 Starburst                Conj/Fire      0%         6d3       100%        6


Dungeon Overview and Level Annotations

Branches:
Dungeon (12/15)            Temple (1/1) D:4            Lair (0/5) D:10
    Orc (0/2) D:10          Sewer (visited)         Ossuary (visited)

Altars:
Ashenzari
Cheibriados
Dithmenos
Fedhas
Gozag
Hepliaklqana
Kikubaaqudgha
Makhleb
Nemelex Xobeh
Okawaru
Qazlal
Ru
Sif Muna
Trog
Uskayaw
Vehumet
Wu Jian
Xom
Yredelemnul

Shops:
D:1 =   D:2 !   D:6 [   D:10 !   D:11 :   D:12 *

Portals:
Trove: D:10 (give +7 demon trident)


Innate Abilities, Weirdness & Mutations

You are surrounded by a strong repulsion field. (EV +4, RMsl)
You sometimes emit foul miasma when damaged in melee.
Your touch may inflict irresistible damage on your foes.


Message History

The komodo dragon is heavily wounded.
You puncture the komodo dragon!
The komodo dragon seems to slow down.
You freeze the komodo dragon.
The komodo dragon is severely wounded.
You barely miss the komodo dragon. Your punch misses the komodo dragon.
The komodo dragon is severely wounded.
The komodo dragon bites you.
You emit a cloud of foul miasma!
You hit the komodo dragon but do no damage.
You touch the komodo dragon!
The komodo dragon is almost dead.
You hit the komodo dragon but do no damage.
The komodo dragon is almost dead.
You puncture the komodo dragon! You freeze the komodo dragon.
You kill the komodo dragon!
There is an open door here.
You now have 377 gold pieces (gained 13).
You open the door. You open the door.
There is an open door here.
There is an open door here.
There is an open door here.
A white ugly thing comes into view.
The white ugly thing moves out of view.
Your +5 short sword of freezing stops glowing.
Your +4 rapier of flaming bursts into flame!
a - a +4 rapier of flaming (weapon)
The white ugly thing tail-slaps you. The white ugly thing freezes you!!
You hit the white ugly thing. You burn the white ugly thing.
The white ugly thing is lightly wounded.
The white ugly thing tail-slaps you! The white ugly thing freezes you!!
* * * LOW HITPOINT WARNING * * *
You puncture the white ugly thing! You burn the white ugly thing.
The white ugly thing is moderately wounded.
You hit the white ugly thing. You burn the white ugly thing.
You touch the white ugly thing!
The white ugly thing is heavily wounded.
The white ugly thing tail-slaps you.
* * * LOW HITPOINT WARNING * * *
The white ugly thing freezes you!!
You die...

.......#.............#
.......#.............#
####+###.............# .
##..<#....#'##########..
.....#....#.............
.....#....#..............#
##.###....#...##....##...##
##.#....###...##....##.....
...#....'.......@..........
...#....#.......u..........
.[.#....#..................
...#....#...............o..
##'#....#...........##..
........####+###....# ..
....##'###.....#....##
....#....#.....#.....#
....#....#.....#.....#


You could see a white ugly thing.

Vanquished Creatures
  2 boulder beetles (D:11)
  Pikel (D:5)
  A manticore (D:11)
  An ugly thing (D:12)
  Maggie (D:6)
  A komodo dragon (D:12)
  2 unseen horrors
  2 trolls (D:12)
  2 polar bears (D:11)
  Grinder (D:5)
  A centaur simulacrum (D:11)
  4 slime creatures (D:12)
  Sigmund (D:5)
  3 wraiths
  30 yaks
  A wyvern (D:8)
  4 vampire mosquitoes (D:8)
  A steam dragon (D:4)
  3 wargs (D:10)
  A water moccasin (D:5)
  2 acid dragons (D:12)
  2 hornet zombies (Ossuary)
  A meliai simulacrum (D:11)
  3 ice beasts
  2 sky beasts (D:7)
  4 orc warriors
  A black bear (D:8)
  2 ogres
  A wolf (D:11)
  4 centaurs
  4 bullfrogs
  3 kobold brigands
  A necrophage (D:6)
  6 scorpions
  A wyvern zombie (Ossuary)
  2 water moccasin zombies (Ossuary)
  10 wights
  3 killer bees (D:11)
  An electric eel (D:11)
  3 howler monkeys
  2 centaur zombies (Ossuary)
  10 bullfrog zombies (Ossuary)
  9 orc priests
  3 hounds
  Crazy Yiuf (D:5)
  A jelly (D:5)
  6 iguanas
  14 orc wizards
  3 killer bee zombies (Ossuary)
  16 mummies (Ossuary)
  3 howler monkey zombies (Ossuary)
  14 adders
  2 white imps
  An ufetubus (D:3)
  3 worms
  3 dart slugs
  44 orcs
  16 endoplasms
  11 giant cockroaches
  9 goblins
  7 hobgoblins
  3 jackals (D:2)
  21 kobolds
  12 quokkas
  14 ball pythons
  9 bats
  8 frilled lizards
  9 rats
  2 rat zombies (D:8)
375 creatures vanquished.

Vanquished Creatures (others)
  A ball python (D:4)
  A withered plant (Ossuary)
2 creatures vanquished.

Grand Total: 377 creatures vanquished

Notes
Turn   | Place    | Note
-------+----------+-------------------------------------------
     0 | D:1      | IdlyInterested the Demonspawn Gladiator began the quest for
                  | the Orb.
     0 | D:1      | Reached XP level 1. HP: 16/16 MP: 1/1
   390 | D:1      | Reached skill level 3 in Short Blades
   399 | D:1      | Gained mutation: You are surrounded by a mild repulsion
                  | field. (EV +2) [demonic ancestry]
   399 | D:1      | Reached XP level 2. HP: 13/22 MP: 2/2
   794 | D:1      | Found Lat Ucui's Jewellery Shop.
  1007 | D:2      | Reached XP level 3. HP: 28/28 MP: 3/3
  1242 | D:2      | Identified the +2 robe "Xitwyl Daxod" {Will++ Str-3 Int+2}
  1337 | D:2      | Found Koveulyq's Distillery.
  1496 | D:2      | Reached skill level 4 in Short Blades
  1863 | D:2      | Reached XP level 4. HP: 34/34 MP: 4/4
  2470 | D:2      | Bought a potion of degeneration for 11 gold pieces
  2470 | D:2      | Bought a potion of invisibility for 88 gold pieces
  3026 | D:3      | Gained mutation: Your touch may inflict minor irresistible
                  | damage on your foes. [demonic ancestry]
  3026 | D:3      | Reached XP level 5. HP: 40/41 MP: 5/5
  3303 | D:4      | Noticed a steam dragon
  3316 | D:4      | Killed a steam dragon
  3317 | D:4      | Reached skill level 5 in Short Blades
  3317 | D:4      | Gained mutation: You may rarely emit foul miasma when
                  | damaged in melee. [demonic ancestry]
  3317 | D:4      | Reached XP level 6. HP: 39/47 MP: 6/6
  3348 | D:4      | Found a staircase to the Ecumenical Temple.
  3381 | Temple   | Entered the Ecumenical Temple
  3662 | D:2      | Bought a potion of ambrosia for 88 gold pieces
  3978 | D:4      | Found a hazy altar of Hepliaklqana.
  4243 | D:5      | Entered Level 5 of the Dungeon
  4278 | D:5      | Reached skill level 6 in Short Blades
  4278 | D:5      | Reached skill level 1 in Evocations
  4318 | D:5      | Found a glowing drain.
  4323 | Sewer    | Entered a sewer
  4468 | Sewer    | Gained mutation: You are surrounded by a moderate repulsion
                  | field. (EV +3) [demonic ancestry]
  4468 | Sewer    | Reached XP level 7. HP: 52/52 MP: 7/7
  4595 | Sewer    | Found the +12 glaive of Prune {freeze, Prune}
  4753 | D:5      | Noticed Sigmund
  4767 | D:5      | Killed Sigmund
  4768 | D:5      | Reached skill level 7 in Short Blades
  4914 | D:5      | Noticed Pikel
  4936 | D:5      | Reached skill level 1 in Unarmed Combat
  4941 | D:5      | Killed Pikel
  4942 | D:5      | Reached skill level 8 in Short Blades
  4942 | D:5      | Gained mutation: You sometimes emit foul miasma when
                  | damaged in melee. [demonic ancestry]
  4942 | D:5      | Reached XP level 8. HP: 36/58 MP: 8/8
  5133 | D:5      | Noticed Grinder
  5147 | D:5      | Killed Grinder
  5148 | D:5      | Reached skill level 9 in Short Blades
  5148 | D:5      | Reached skill level 1 in Armour
  5334 | D:5      | Found a runed translucent door.
  5335 | D:5      | Noticed Crazy Yiuf
  5493 | D:5      | Killed Crazy Yiuf
  5633 | D:2      | Bought a potion of curing for 33 gold pieces
  5633 | D:2      | Bought a potion of curing for 33 gold pieces
  5633 | D:2      | Bought a potion of might for 44 gold pieces
  5908 | D:6      | Reached XP level 9. HP: 63/63 MP: 9/9
  6212 | D:6      | Noticed Maggie
  6236 | D:6      | Killed Maggie
  6237 | D:6      | Reached skill level 10 in Short Blades
  6237 | D:6      | Reached skill level 1 in Stealth
  6361 | D:6      | Found Coufiamp's Antique Armour Shop.
  7635 | D:8      | Reached skill level 11 in Short Blades
  7720 | D:8      | Found a radiant altar of Vehumet.
  7726 | D:8      | Found a sand-covered staircase.
  7743 | Ossuary  | Entered an ossuary
  7839 | Ossuary  | Gained mutation: You are surrounded by a strong repulsion
                  | field. (EV +4, RMsl) [demonic ancestry]
  7839 | Ossuary  | Reached XP level 10. HP: 70/70 MP: 10/10
  8369 | D:8      | Reached skill level 12 in Short Blades
  8539 | D:8      | Found a sacrificial altar of Ru.
  8542 | D:8      | Reached skill level 5 in Throwing
  8880 | D:6      | Bought a shiny helmet for 262 gold pieces
  9560 | D:9      | Reached skill level 13 in Short Blades
  9595 | D:9      | Reached XP level 11. HP: 75/75 MP: 11/11
 10210 | D:10     | Entered Level 10 of the Dungeon
 10510 | D:10     | Found a staircase to the Lair.
 10628 | D:10     | Found a portal to a secret trove of treasure.
 10690 | D:10     | Found Onuciang's Distillery.
 10873 | D:10     | Found a staircase to the Orcish Mines.
 11339 | D:11     | Reached skill level 5 in Stealth
 11352 | D:11     | Reached skill level 14 in Short Blades
 11632 | D:11     | Found Gaefyir's Book Shoppe.
 11776 | D:11     | Noticed a boulder beetle
 11783 | D:11     | Killed a boulder beetle
 12017 | D:11     | Noticed a boulder beetle
 12051 | D:11     | Killed a boulder beetle
 12052 | D:11     | Reached skill level 5 in Dodging
 12111 | D:12     | Found Recsolef's General Store.
 12122 | D:12     | Bought a scroll of noise for 14 gold pieces
 12122 | D:12     | Bought a scroll of enchant weapon for 105 gold pieces
 12523 | D:12     | Gained mutation: Your touch may inflict irresistible damage
                  | on your foes. [demonic ancestry]
 12523 | D:12     | Reached XP level 12. HP: 84/84 MP: 12/12
 12705 | D:12     | Reached skill level 5 in Fighting
 12907 | D:12     | Mangled by a white ugly thing

Illustrated notes

Levels and vault maps discovered:
D:1:      amcnicky_arrival_choice, layout_loops_ring, serial_shops,
          nicolae_shop_window_shopping, minmay_quantized
D:2:      minmay_spotlight, layout_loops_ring, serial_co_window_serial,
          co_window_paths_b, co_window_paths_a, co_window_corner_a,
          co_window_paths_b, co_window_corner_a, co_window_corner_a,
          co_window_paths_a, co_window_corner_b, co_window_broadway_b,
          co_window_2corner, co_window_broadway_a, co_window_paths_c,
          co_window_of_opportunity_c, co_window_of_opportunity_c,
          glass_columns_c, serial_shops, nicolae_shop_waterfront,
          minmay_tetromino_t4
D:3:      layout_rooms
D:4:      layout_cave_pools, amcnicky_altar_gilded,
          minmay_temple_entry_mini_moons
D:5:      layout_rooms, portal_sewer_entry_e, uniq_crazy_yiuf_cottage,
          uniq_sigmund, uniq_pikel, uniq_grinder
D:6:      minmay_skewed_foursquare, layout_loops_corners, serial_shops, shop,
          uniq_maggie
D:7:      layout_basic
D:8:      layout_basic, nicolae_overflow_hidden_temple,
          mainiacjoe_overflow_paths, enter_ossuary_4
D:9:      layout_loops_corners, nicolae_concentric_dashed_squares_wild
D:10:     layout_loops_cross, erik_lair_orcish_takeover, orc_0_dummy,
          enter_trove_6, serial_shops, shop
D:11:     layout_roguey, serial_ice, serial_ice_j, serial_ice_m, serial_ice_h,
          serial_ice_d, serial_shops, nicolae_shop_crystal
D:12:     layout_gridville, serial_shops, nicolae_shop_stone
Temple:   nicolae_temple_bog_church

Skill      XL: |  1  2  3  4  5  6  7  8  9 10 11 12 |
---------------+-------------------------------------+-----
Short Blades   | 3 4 5 6 8 9 11 13 14 | 14.0
Fighting       | 3 4 5 |  5.0
Dodging        | 3 5 6 |  6.0
Throwing       | 2 3 6 |  6.0
Evocations     | 1 3 |  3.0
Unarmed Combat | 2 3 4 |  4.0
Armour         | 2 3 |  3.0
Stealth        | 3 6 |  6.4

Action                     |  1- 3 |  4- 6 |  7- 9 | 10-12 || total
---------------------------+-------+-------+-------+-------++-------
  Melee: Rapier            |    27 |       |       |     3 ||    30
         Dagger            |   101 |   184 |   314 |   135 ||   734
         Punch             |     1 |     3 |    16 |    26 ||    46
         Touch             |       |    13 |    76 |   152 ||   241
         Short sword       |       |       |    96 |   547 ||   643
  Throw: Stone             |       |     3 |     7 |       ||    10
         Dart              |       |       |     8 |    31 ||    39
         Boomerang         |       |       |     2 |     2 ||     4
         Javelin           |       |       |       |     2 ||     2
  Evoke: Wand              |       |     1 |     1 |     2 ||     4
    Use: Scroll            |     4 |     1 |    14 |     6 ||    25
         Potion            |     2 |     2 |       |       ||     4
   Stab: Sleeping          |     2 |     2 |     3 |    14 ||    21
         Distracted        |       |       |       |     1 ||     1
 Armour: Leather armour    |    21 |       |       |       ||    21
         Robe              |     9 |    33 |    27 |       ||    69
         Acid dragon scale |       |       |    30 |   105 ||   135
  Dodge: Dodged            |    82 |   148 |   154 |   277 ||   661
         Repelled          |       |       |       |     2 ||     2

Table legend: (Time is in decaauts)
 A = Elapsed time spent in this place.
 B = Non-inter-level travel time spent in this place.
 C = Inter-level travel time spent in this place.
 D = Time resting spent in this place.
 E = Time spent auto-exploring this place.
 F = Levels seen in this place.
 G = Mean time per level.
                   A        B        C        D        E       F      G
               +--------+--------+--------+--------+--------+-----+--------+
         Total |  12379 |  10489 |   1890 |    857 |   6247 |  15 |  825.3 |
       Dungeon |  11396 |   9534 |   1862 |    796 |   6042 |  12 |  949.7 |
        Temple |    239 |    212 |     27 |      0 |    163 |   1 |  239.0 |
         Sewer |    398 |    398 |      0 |     61 |     35 |   1 |  398.0 |
       Ossuary |    345 |    345 |      0 |      0 |      7 |   1 |  345.0 |
               +--------+--------+--------+--------+--------+-----+--------+

Top non-repeatable levels by time:
     D:2: 1802 daAuts
     D:6: 1214 daAuts
     D:1: 1121 daAuts
    D:11: 1077 daAuts
     D:5: 1003 daAuts
     D:9: 976 daAuts
     D:8: 912 daAuts
     D:4: 775 daAuts
    D:10: 762 daAuts
     D:7: 608 daAuts
    D:12: 602 daAuts
     D:3: 540 daAuts
   Sewer: 398 daAuts
 Ossuary: 345 daAuts
  Temple: 239 daAuts
